 Dungeon Crawl Stone Soup version 0.29.1-1-gd02db6906a (webtiles) character file.

Game seed: 5362983894206694169

83 sankara the Trooper (level 4, -3/40 HPs)
             Began as a Minotaur Fighter on Oct 15, 2022.
             Slain by Sigmund
             ... wielding a +0 scythe
              (10 damage)
             ... on level 2 of the Dungeon.
             The game lasted 00:01:45 (1157 turns).

sankara the Trooper (Minotaur Fighter)              Turns: 1157, Time: 00:01:45

Health: -3/40      AC:  5    Str: 20    XL:     4   Next: 22%
Magic:  3/3        EV: 10    Int:  5    God:
Gold:   59         SH:  0    Dex: 12    Spells: 3/3 levels left

rFire   . . .      SeeInvis .   a - +0 war axe
rCold   . . .      Faith    .   c - +0 buckler
rNeg    . . .      Spirit   .   m - +2 leather armour {rPois}
rPois   +          Reflect  .   (helmet restricted)
rElec   .          Harm     .   (no cloak)
rCorr   .          Rampage  .   (no gloves)
Will    .....                   (no boots)
Stlth   +.........              (no amulet)
HPRegen 0.13/turn               (no ring)
MPRegen 0.08/turn               (no ring)

@: confused, mighty
A: horns 2, retaliatory headbutt
a: no special abilities


You were on level 2 of the Dungeon.
You visited 1 branch of the dungeon, and saw 2 of its levels.

You collected 59 gold pieces.

Inventory:

Hand Weapons
 a - a +0 war axe (weapon)
Missiles
 g - 8 poisoned darts (quivered)
 i - 13 stones
Armour
 b - a +0 scale mail
 c - a +0 buckler (worn)
 m - a +2 leather armour of poison resistance (worn)
Scrolls
 f - a scroll of fog {unknown}
 j - 3 scrolls of identify {unknown}
 l - a scroll of teleportation {unknown}
Potions
 d - a potion of might
 e - 2 potions of lignification {unknown}
 h - a potion of magic {unknown}
 k - a potion of curing {unknown}


   Skills:
 + Level 4.3 Fighting
 * Level 4.1 Axes
 + Level 4.2 Armour
 + Level 0.0 Dodging
 - Level 4.0 Shields


You had 3 spell levels left.
You didn't know any spells.
Your spell library contained the following spells:

 Spells                   Type           Power      Damage    Failure   Level
 Magic Dart               Conj           0%         1d3       63%         1
 Summon Small Mammal      Summ           0%         N/A       63%         1
 Call Imp                 Summ           0%         N/A       77%         2
 Call Canine Familiar     Summ           0%         N/A       94%         3
 Mephitic Cloud           Conj/Pois/Air  0%         N/A       94%         3
 Summon Guardian Golem    Hex/Summ       0%         N/A       94%         3


Dungeon Overview and Level Annotations

Branches:
Dungeon (2/15)

Altars:

Annotations:
D:2 Robin, Sigmund


Innate Abilities, Weirdness & Mutations

You have a pair of horns on your head.
You reflexively headbutt those who attack you in melee.


Message History

Sigmund gestures wildly while chanting.
Sigmund flickers and vanishes!
Deactivating autopickup; reactivate with Ctrl-A.
You miss something. Robin throws the goblin at you!
The goblin hits you with a +0 club.
You hear some strange, mumbled words.
You are confused.
Unknown command.
You are too confused!
Unknown command.
You are too confused!
Unknown command.
You are too confused!
Unknown command.
You are too confused!
You feel very mighty all of a sudden. The goblin barely misses you.
The goblin hits you but does no damage. The goblin hits you with a +0 club.
You hear some strange, mumbled words.
A magic dart appears from out of thin air!
The magic dart hits you.
Unknown command.
You bump into the stone wall.
Robin roars a battlecry!
The goblins go into a battle-frenzy!
The goblin barely misses you. The goblin hits you with a +0 dagger.
The goblin hits you with a +0 club. Something hits you.
Unknown command.
You barely miss something. You miss the goblin. You slash the goblin!
You kill the goblin!
You miss the goblin. Robin throws the goblin at you!
The goblin hits you with a +0 dagger.
* * * LOW HITPOINT WARNING * * *
The goblin hits you with a +0 club.
* * * LOW HITPOINT WARNING * * *
The goblin hits you but does no damage. The goblin hits you with a +0 club.
* * * LOW HITPOINT WARNING * * *
An endoplasm comes into view.
The goblin hits you but does no damage. Something hits you!
You die...

#...## #>#### .......
###...# ##.# .......
...#.# #..# ....[..
.....####.##### ......g
.##.........<..
.J.ggg##.##............
.gg#g. #........†....
#.##{g###.............
#..gg@g...............
#..#####..............
#.. #.............$ #
###8...........
+............
#8.....#.....
...#<######## .##....


You could see Robin, an endoplasm, 3 hobgoblins and 7 goblins.

Vanquished Creatures
  Jessica (D:2)
  2 dart slugs
  6 endoplasms
  10 goblins
  3 hobgoblins (D:1)
  3 jackals (D:1)
  4 kobolds (D:1)
  2 quokkas
  4 ball pythons (D:1)
  9 bats (D:1)
  A frilled lizard (D:2)
  5 rats
50 creatures vanquished.

Notes
Turn   | Place    | Note
-------+----------+-------------------------------------------
     0 | D:1      | sankara the Minotaur Fighter began the quest for the Orb.
     0 | D:1      | Reached XP level 1. HP: 19/19 MP: 0/0
    28 | D:1      | Reached XP level 2. HP: 25/27 MP: 1/1
   335 | D:1      | Reached XP level 3. HP: 24/33 MP: 2/2
  1002 | D:2      | Noticed Jessica
  1008 | D:2      | Killed Jessica
  1009 | D:2      | Reached XP level 4. HP: 32/40 MP: 3/3
  1149 | D:2      | Noticed Sigmund
  1152 | D:2      | Noticed Robin
  1157 | D:2      | Slain by Sigmund

Illustrated notes

Levels and vault maps discovered:
D:1:      psy_arrival_fountain, layout_basic, minmay_pentomino_w4
D:2:      layout_rooms, dreamdust_ecumenical_altar_angels_and_demons,
          uniq_jessica, uniq_sigmund, uniq_robin

Skill      XL: |  1  2  3 |
---------------+----------+-----
Axes           | 3 4 |  4.1
Shields        | 4 |  4.0
Fighting       | 4 |  4.3
Armour         | 4 |  4.2

Action                   |  1- 3 |  4- 6 || total
-------------------------+-------+-------++-------
Melee: War axe           |    89 |    11 ||   100
       Headbutt          |    12 |       ||    12
  Use: Potion            |       |     1 ||     1
Armor: Scale mail        |    57 |     2 ||    59
       Leather armour    |       |     4 ||     4
Dodge: Dodged            |    37 |     5 ||    42
Block: Buckler           |    22 |     4 ||    26
